 Dungeon Crawl Stone Soup version 0.29-a0-67-g1d65ae1bb4 (webtiles) character file.

Game seed: 5480499635081402786

18 Bosse the Chiller (level 2, -1/19 HPs)
             Began as a Demonspawn Ice Elementalist on Feb 3, 2022.
             Slain by Jessica (4 damage)
             ... on level 2 of the Dungeon.
             The game lasted 00:02:21 (742 turns).

Bosse the Chiller (Demonspawn Ice Elementalist)      Turns: 742, Time: 00:02:23

Health: -1/19      AC:  2    Str:  8    XL:     2   Next: 51%
Magic:  1/5        EV:  9    Int: 16    God:
Gold:   86         SH:  4    Dex: 13    Spells: 4/5 levels left

rFire   . . .      SeeInvis .   (no weapon)
rCold   . . .      Faith    .   (no shield)
rNeg    . . .      Spirit   .   a - +0 robe
rPois   .          Reflect  .   (no helmet)
rElec   .          Harm     .   (no cloak)
rCorr   .          Rampage  .   (no gloves)
Will    .....                   (no boots)
Stlth   ++........              (no amulet)
HPRegen 0.06/turn               (no ring)
MPRegen 0.09/turn               (no ring)

@: constricted
A: condensation shield
a: no special abilities


You were on level 2 of the Dungeon.
You visited 1 branch of the dungeon, and saw 2 of its levels.

You collected 86 gold pieces.

Inventory:

Armour
 a - a +0 robe (worn)
Scrolls
 b - a scroll of amnesia {unknown}
 c - a scroll of identify {unknown}
 f - a scroll of vulnerability {unknown}
 h - a scroll of silence {unknown}
Potions
 d - 2 potions of might {unknown}
 e - a potion of curing {unknown}
 g - a potion of attraction {unknown}


   Skills:
 + Level 1.7 Dodging
 + Level 2.0 Stealth
 + Level 2.2 Spellcasting
 + Level 4.1 Ice Magic


You had 4 spell levels left.
You knew the following spells:

 Your Spells              Type           Power      Damage    Failure   Level
a - Freeze                Ice            56%        1d7       3%          1

Your spell library contained the following spells:

 Spells                   Type           Power      Damage    Failure   Level
 Frozen Ramparts          Ice            28%        1d4       11%         3
 Ozocubu's Armour         Ice            14%        N/A       11%         3
 Hailstorm                Conj/Ice       8%         3d4       65%         4


Dungeon Overview and Level Annotations

Branches:
Dungeon (2/15)

Altars:

Annotations:
D:2 Jessica


Innate Abilities, Weirdness & Mutations

A meltable shield of frost defends you. (SH +4)


Message History

Jessica casts a spell.
Jessica seems to speed up.
You freeze Jessica.
Jessica is severely wounded.
Jessica hits you with a +0 club.
You are too depleted to draw on your mana recklessly!
You are too depleted to draw on your mana recklessly!
You closely miss Jessica.
Jessica is severely wounded.
Jessica very coldly says, "I hate your company."
You block Jessica's attack. Jessica casts a spell at you.
Pain shoots through your body!
A ball python comes into view.
You hit Jessica but do no damage.
Jessica is severely wounded.
Jessica hits you with a +0 club. The hobgoblin closely misses you.
You hit Jessica.
Jessica is severely wounded.
You block Jessica's attack. x2; The hobgoblin closely misses you.
You hit Jessica but do no damage.
Jessica is severely wounded.
You block Jessica's attack. The hobgoblin barely misses you.
You hit Jessica but do no damage.
Jessica is severely wounded.
Jessica gestures wildly.
Jessica hits you with a +0 club.
* * * LOW HITPOINT WARNING * * *
The ball python misses you. The ball python grabs you.
The ball python constricts you. You block Jessica's attack.
The hobgoblin hits you but does no damage.
Unknown command.
You closely miss Jessica.
Jessica is severely wounded.
The ball python bites you.
* * * LOW HITPOINT WARNING * * *
The ball python constricts you.
* * * LOW HITPOINT WARNING * * *
Jessica hits you with a +0 club.
You die...

#######
.......##
.........
.........
........#
........#
.<....g@#
......S@#######
###.###........
##.#.#####
#....#
#.#..######.#
###.........#
##.######## #.#
#..


You could see Jessica (fast), a hobgoblin and a ball python.

Vanquished Creatures
  A ball python (D:2)
  3 endoplasms (D:1)
  A goblin (D:1)
  3 jackals (D:1)
  2 kobolds (D:1)
  5 bats
  A rat (D:1)
16 creatures vanquished.

Vanquished Creatures (others)
  2 fungi (D:2)
2 creatures vanquished.

Grand Total: 18 creatures vanquished

Notes
Turn   | Place    | Note
-------+----------+-------------------------------------------
     0 | D:1      | Bosse the Demonspawn Ice Elementalist began the quest for
                  | the Orb.
     0 | D:1      | Reached XP level 1. HP: 13/13 MP: 3/3
   431 | D:1      | Reached skill level 4 in Ice Magic
   431 | D:1      | Gained mutation: A meltable shield of frost defends you.
                  | (SH +4) [demonic ancestry]
   431 | D:1      | Reached XP level 2. HP: 19/19 MP: 1/5
   719 | D:1      | You fall into a shaft and drop 1 floor!
   720 | D:2      | Noticed Jessica
   742 | D:2      | Slain by Jessica

Illustrated notes

Levels and vault maps discovered:
D:1:      denvon_arrival_planthouse, layout_loops_cross,
          ebering_ecumenical_altar_rust, serial_shops,
          nicolae_shop_behind_doors, minmay_small_reverse_x
D:2:      layout_loops_ring, minmay_shallow_snake_nest, uniq_jessica

Skill      XL: |  1  2 |
---------------+-------+-----
Ice Magic      | 4 |  4.1
Stealth        | 2 |  2.0
Dodging        | |  1.7
Spellcasting   | |  2.2

Action                   || total
-------------------------++-------
Melee: Unarmed           ||     7
 Cast: Freeze            ||    28
Armor: Robe              ||     7
Dodge: Dodged            ||    27
Block: Other             ||     9

Table legend: (Time is in decaauts)
 A = Elapsed time spent in this place.
 B = Non-inter-level travel time spent in this place.
 C = Inter-level travel time spent in this place.
 D = Time resting spent in this place.
 E = Time spent auto-exploring this place.
 F = Levels seen in this place.
 G = Mean time per level.
                   A        B        C        D        E       F      G
               +--------+--------+--------+--------+--------+-----+--------+
         Total |    741 |    741 |      0 |      0 |    623 |   2 |  370.5 |
       Dungeon |    741 |    741 |      0 |      0 |    623 |   2 |  370.5 |
               +--------+--------+--------+--------+--------+-----+--------+

Top non-repeatable levels by time:
     D:1: 719 daAuts
     D:2: 22 daAuts
